 Dungeon Crawl Stone Soup version 0.25-a0-561-g0977b4d109 (webtiles) character file.

Game seed: 799688993917042529, levelgen mode: deterministic

53 vurker the Gusty (level 3, -2/15 HPs)
             Began as a Felid Air Elementalist on Feb 25, 2020.
             Slain by Robin
             ... wielding a +0 spear
              (5 damage)
             ... on level 2 of the Dungeon.
             The game lasted 00:02:27 (1687 turns).

vurker the Gusty (Felid Air Elementalist)           Turns: 1687, Time: 00:02:27

Health: -2/15      AC:  1    Str:  4    XL:     3   Next: 62%
Magic:  8/8        EV: 18    Int: 17    God:
Gold:   70         SH:  0    Dex: 16    Spells: 6/7 levels left
                                        Lives:  0   Deaths: 0

rFire    . . .     SeeInvis +   (weapon unavailable)
rCold    . . .     Gourm    .   (shield unavailable)
rNeg     . . .     Faith    .   (armour unavailable)
rPois    .         Spirit   .   (helmet unavailable)
rElec    .         Reflect  .   (cloak unavailable)
rCorr    .         Harm     .   (gloves unavailable)
MR       .....                  (boots unavailable)
Stlth    +++.......             c - amulet of regeneration
HPRegen  0.45/turn              (no ring)
MPRegen  0.11/turn              (no ring)

@: quick
A: very small, no armour, no weapons or thrown items, stealth, claws 1, fangs 3,
see invisible, carnivore, speed 1, shaggy fur 1, slow metabolism 1, sharp paws
a: no special abilities


You were on level 2 of the Dungeon.
You were completely stuffed.

You visited 1 branch of the dungeon, and saw 2 of its levels.

You collected 70 gold pieces.

Inventory:

Jewellery
 c - an amulet of regeneration (around neck)
   (You found it on level 1 of the Dungeon)
Scrolls
 a - 2 scrolls of teleportation {unknown}
 b - a scroll of identify {unknown}
 d - a scroll of noise {unknown}
Potions
 g - 2 potions of haste {unknown}
 h - a potion of heal wounds {unknown}
Comestibles
 e - 3 rations
 f - 4 chunks of flesh


   Skills:
 + Level 1.2 Fighting
 - Level 2.6 Dodging
 - Level 2.6 Stealth
 * Level 2.6 Spellcasting
 + Level 1.4 Conjurations
 * Level 3.2 Air Magic


You had 6 spell levels left.
You knew the following spells:

 Your Spells              Type           Power        Failure   Level  Hunger
a - Shock                 Conj/Air       ##..         7%          1    #......

Your spell library contained the following spells:

 Spells                   Type           Power        Failure   Level  Hunger
 Swiftness                Chrm/Air       #.......     14%         2    ##.....
 Static Discharge         Conj/Air       ##......     21%         3    ###....
 Airstrike                Air            ##........   43%         4    #####..
 Lightning Bolt           Conj/Air       ##........   88%         5    ######.


Dungeon Overview and Level Annotations

Branches:
Dungeon (2/15)

Altars:

Annotations:
D:2 Robin


Innate Abilities, Weirdness & Mutations

You cannot wear armour.
You are incapable of wielding weapons or throwing items.
Your paws allow you to move quietly. (Stealth)
You have sharp claws.
You have razor-sharp teeth.
You have supernaturally acute eyesight. (SInv)
You are carnivorous and can eat meat at any time.
You cover ground quickly.
You are covered in fur. (AC +1)
You have a slow metabolism.
Your sharp claws are effective at attacking unaware monsters.


Message History

The zap hits Robin.
The zap misses Robin.
Okay, then.
There is a stone staircase leading up here.
The zap hits Robin.
The zap misses Robin.
The zap misses Robin.
The zap hits Robin.
Robin roars a battlecry!
You hear a shout!
The zap hits Robin.
The zap misses Robin.
A goblin comes into view.
Robin misses you.
You don't have enough magic to cast that spell.
Robin completely misses you.
You climb upwards.
There is a stone staircase leading down here.
You start resting.
You climb downwards.
Level annotation: Robin
There is a stone staircase leading up here.
The zap hits Robin.
The zap misses Robin.
Robin throws the goblin at you! The goblin misses you.
A goblin comes into view.
The zap misses the goblin. x2
The goblin shouts!
Robin barely misses you. The goblin closely misses you.
The goblin wields a +2 hunting sling of flaming.
It bursts into flame!
The goblin shoots a sling bullet.
The sling bullet hits you. The sling bullet burns you.
Aim: Robin, wielding a +0 spear, wearing a +0 animal skin and wearing the +2 helmet "Ninliwy" {Str+3 Int+7 Dex-5 SInv} (moderately wounded)
Okay, then.
Robin roars a battlecry!
The goblins go into a battle-frenzy!
The goblin barely misses you.
You climb upwards.
There is a stone staircase leading down here.
The zap hits the goblin. x2
You kill the goblin!
You can't see any susceptible monsters within range! (Use Z to cast anyway.)
You butcher the goblin corpse.
f - 4 chunks of flesh (gained 3)
You see here a goblin skeleton. x2
There is a stone staircase leading down here.
You climb downwards.
Level annotation: Robin The goblin shoots a sling bullet.
The sling bullet hits you! The sling bullet burns you.
* * * LOW HITPOINT WARNING * * *
The goblin hits you.
* * * LOW HITPOINT WARNING * * *
Robin hits you from afar with a +0 spear.
You die...

#### ...## ....#
#...# ############
##g.# #... .g....#
## #..###.#
#....##.. ##..##..#
#...... #....g..#
#....# .#.###..#
#.g.@#.# ##.#
#..#####...g..#
##.###.........###.#
.......###.....# .#
..............## #
#.####.#####..####..
.....#.............#
#.##.#######<.####.#
#.# # #..#


You could see Robin and 2 goblins.

Vanquished Creatures
  An adder (D:2)
  An ooze (D:1)
  A leopard gecko (D:1)
  2 giant cockroaches (D:1)
  2 hobgoblins
  6 jackals (D:1)
  5 bats
  8 goblins
  5 kobolds (D:1)
  4 rats
35 creatures vanquished.

Notes
Turn   | Place    | Note
-------+----------+-------------------------------------------
     0 | D:1      | vurker the Felid Air Elementalist began the quest for the
                  | Orb.
     0 | D:1      | Reached XP level 1. HP: 7/7 MP: 4/4
   213 | D:1      | Reached skill level 1 in Conjurations
   319 | D:1      | Reached XP level 2. HP: 12/12 MP: 3/6
   512 | D:1      | Reached skill level 3 in Air Magic
   974 | D:1      | Reached skill level 1 in Fighting
   982 | D:1      | Reached XP level 3. HP: 15/15 MP: 1/7
  1473 | D:2      | Identified the +2 helmet "Ninliwy" {Str+3 Int+7 Dex-5 SInv}
  1473 | D:2      | Noticed Robin
  1687 | D:2      | Slain by Robin

Levels and vault maps discovered:
D:1:      lemuel_arrival_funnel, layout_loops_ring, moated_statue
D:2:      layout_loops_ring, grunt_temple_overflow_octagram, first_ration,
          uniq_robin

Skill      XL: |  1  2 |
---------------+-------+-----
Conjurations   | 1 |  1.4
Air Magic      | 3 |  3.2
Fighting       | 1 |  1.2
Dodging        | |  2.6
Stealth        | |  2.6
Spellcasting   | |  2.6

Action                   || total
-------------------------++-------
Melee: Unarmed           ||     3
 Cast: Shock             ||    79
  Eat: Chunk             ||     9
Dodge: Dodged            ||    24

Table legend:
 A = Non-vault XP
 B = Vault XP
 C = Vault XP percentage of total XP
 D = Non-vault monster count
 E = Vault monster count
 F = Vault count percentage of total count
                 A         B        C        D         E       F
            +---------+---------+-------+---------+---------+-------
      Total |      63 |      13 |  17.1 |      28 |       7 |  20.0
            +---------+---------+-------+---------+---------+-------
        D:1 |      46 |       2 |   4.2 |      24 |       1 |   4.0
        D:2 |      17 |      11 |  39.3 |       4 |       6 |  60.0
            +---------+---------+-------+---------+---------+-------
